 Dungeon Crawl Stone Soup version 0.22-a0-271-gc000056 (webtiles) character file.

13082 nikopol the Thaumaturge (level 11, -1/57 HPs)
             Began as a Deep Elf Fire Elementalist on Mar 12, 2018.
             Was a High Priest of Sif Muna.
             Slain by a red ugly thing (8 damage)
             ... on level 10 of the Dungeon on Mar 13, 2018.
             The game lasted 00:53:32 (12261 turns).

nikopol the Thaumaturge (DEFE)                     Turns: 12261, Time: 00:53:33

Health: -1/57      AC:  6    Str:  5    XL:     11   Next: 70%
Magic:  17/39      EV: 15    Int: 24    God:    Sif Muna [*****.]
Gold:   64         SH:  0    Dex: 15    Spells: 19/37 levels left

rFire    + . .     SeeInvis .   N - +3 dagger (elec)
rCold    x . .     Gourm    .   (no shield)
rNeg     . . .     Faith    .   I - +2 robe {MR+}
rPois    .         Spirit   .   F - +0 helmet
rElec    .         Reflect  .   (no cloak)
rCorr    .         Harm     .   K - +0 pair of gloves
MR       ++...                  (no boots)
Stlth    +++.......             (no amulet)
HPRegen  0.19/turn              D - ring of magical power
MPRegen  0.26/turn              z - ring of fire

@: no status effects
A: no striking features
a: Divine Energy, Channel Magic, Forget Spell, Renounce Religion


You were on level 10 of the Dungeon.
You worshipped Sif Muna.
Sif Muna was extremely pleased with you.
You were not hungry.

You visited 2 branches of the dungeon, and saw 11 of its levels.

You collected 617 gold pieces.
You spent 553 gold pieces at shops.

Inventory:

Hand Weapons
 N - a +3 dagger of electrocution (weapon)
Armour
 F - a +0 helmet (worn)
 I - a +2 robe of magic resistance (worn)
 K - a +0 pair of gloves (worn)
Jewellery
 r - an uncursed ring of protection from magic {unknown}
 t - an uncursed ring of see invisible
 v - an uncursed ring of protection from fire
 z - a ring of fire (right hand)
 A - an uncursed ring of poison resistance
 C - an uncursed ring of protection from cold
 D - a ring of magical power (left hand)
 E - an uncursed ring of wizardry
Wands
 p - a wand of paralysis (1)
 q - a wand of acid (11)
 s - a wand of iceblast (7)
 x - a wand of disintegration (15)
 G - a wand of digging (5)
 M - a wand of scattershot (8)
Scrolls
 a - 2 scrolls of identify
 e - 6 scrolls of teleportation
 f - 3 scrolls of fog {unknown}
 g - 6 scrolls of remove curse
 h - 4 scrolls of amnesia {unknown}
 i - a scroll of magic mapping {unknown}
 m - 3 scrolls of enchant weapon {unknown}
 o - 4 scrolls of enchant armour {unknown}
 u - a scroll of blinking {unknown}
 y - a scroll of fear {unknown}
 B - a scroll of immolation {unknown}
Potions
 b - a potion of ambrosia
 d - a potion of brilliance
 j - 2 potions of agility
 k - 5 potions of heal wounds
 l - 2 potions of curing
 n - a potion of mutation
 w - a potion of might {unknown}
 J - 6 potions of haste
 L - a potion of invisibility
Comestibles
 c - 18 rations


   Skills:
 + Level 2.1 Fighting
 + Level 2.4 Short Blades
 + Level 5.0 Dodging
 + Level 4.1 Stealth
 + Level 13.5 Spellcasting
 + Level 11.0 Conjurations
 + Level 1.9 Hexes
 + Level 11.7 Fire Magic


You had 19 spell levels left.
You knew the following spells:

 Your Spells              Type           Power        Failure   Level  Hunger
a - Flame Tongue          Conj/Fire      #####        1%          1    None
b - Throw Flame           Conj/Fire      ######       1%          2    None
c - Conjure Flame         Conj/Fire      #######.     1%          3    None
d - Sticky Flame          Conj/Fire      #######.     1%          4    None
e - Fireball              Conj/Fire      #######...   1%          5    ###....
f - Dazzling Spray        Conj/Hex       #####.       1%          3    None


Dungeon Overview and Level Annotations

Branches:
Dungeon (10/15)            Temple (1/1) D:4            Lair (0/6) D:10
    Orc (0/2) D:9

Altars:
Ashenzari
Cheibriados
Dithmenos
Elyvilon
Fedhas
Gozag
Hepliaklqana
Kikubaaqudgha
Makhleb
Nemelex Xobeh
Okawaru
Qazlal
Ru
Sif Muna
Trog
Uskayaw
Vehumet
Wu Jian
Xom
Yredelemnul
Zin
The Shining One
Beogh

Shops:
D:8 %(*:(   D:10 ?[}!


Message History

The fireball engulfs the red ugly thing.
The red ugly thing resists.
The red ugly thing is moderately wounded.
Casting: Fireball (safe; 1% risk of failure)
Confirm with . or Enter, or press ? or * to list all spells.
Aiming: Fireball (safe; 1% risk of failure)
Press: ? - help, Shift-Dir - straight line, f/p - red ugly thing
Aim: a red ugly thing (moderately wounded)
Okay, then.
Casting: Fireball (safe; 1% risk of failure)
Confirm with . or Enter, or press ? or * to list all spells.
Aiming: Dazzling Spray (safe; 1% risk of failure)
Press: ? - help, Shift-Dir - straight line, f/p - red ugly thing
Aim: a red ugly thing (moderately wounded)
The spray of energy misses the red ugly thing.
The red ugly thing tail-slaps you.
You are engulfed in flames!
You resist. The red ugly thing tail-slaps you!
* * * LOW HITPOINT WARNING * * *
You are engulfed in flames!
You resist.
You die...

#........§.§.... ...≈≈
#............... ...≈#
##............... ...≈#
##.........#+####. ...≈#
##..........#....#. u.≈≈#
###...[.......#....#. .≈§#
########...).........#....#.
'#####............<.[.....#....#.
..†............u@........)####'#.
............)..########..........
...#####.......# #....†...(.
...#...#.......# #....######
...#...#.......# #....# #
...#...#.......########....# #
...#...'.).................# #
...#####.).................# #
.>.........................# #


You could see a red ugly thing.

Vanquished Creatures
  6 two-headed ogres
  4 ugly things (D:10)
  Maurice (D:9)
  Psyche (D:8)
  A merfolk (D:10)
  A slime creature (D:9)
  Prince Ribbit (D:8)
  A hippogriff (D:9)
  A spriggan (D:10)
  A human (D:10)
  A steam dragon (D:7)
  10 yaks
  Eustachio (D:5)
  4 ice beasts
  2 orc warriors
  A sky beast (D:8)
  An eye of draining (D:10)
  A phantom (D:10)
  3 ogres
  2 necrophages
  3 centaurs
  2 bullfrogs
  A scorpion (D:10)
  A wyvern skeleton (D:9)
  12 wights
  3 crimson imps
  A howler monkey (D:10)
  4 orc priests
  4 centaur skeletons
  11 jellies
  2 quasits
  5 hounds
  2 bullfrog skeletons
  3 iguanas
  8 worker ants
  7 orc wizards
  A hound skeleton (D:6)
  A howler monkey zombie (D:10)
  9 gnolls
  11 adders
  5 river rats
  4 shadow imps
  A white imp (D:7)
  14 oozes (D:9)
  An adder skeleton (D:6)
  2 worms
  3 dart slugs
  4 leopard geckos
  26 orcs
  7 bats
  5 giant cockroaches
  9 goblins
  13 hobgoblins
  12 jackals
  2 quokkas
  2 ball pythons
  7 frilled lizards
  A jackal zombie (D:9)
  4 kobolds
  A quokka zombie (D:5)
  24 rats
282 creatures vanquished.

Vanquished Creatures (others)
  3 fungi (D:9)
  4 toadstools (D:1)
7 creatures vanquished.

Grand Total: 289 creatures vanquished

Notes
Turn   | Place    | Note
-------+----------+-------------------------------------------
     0 | D:1      | nikopol the Deep Elf Fire Elementalist began the quest for the Orb.
     0 | D:1      | Reached XP level 1. HP: 10/10 MP: 6/6
   160 | D:1      | Reached XP level 2. HP: 11/15 MP: 1/8
   450 | D:1      | Learned a level 2 spell: Throw Flame
   739 | D:1      | Reached XP level 3. HP: 19/19 MP: 6/9
   744 | D:1      | Learned a level 3 spell: Conjure Flame
  1469 | D:2      | Found an iron altar of Okawaru.
  1615 | D:2      | Reached XP level 4. HP: 24/24 MP: 8/11
  2058 | D:3      | Reached skill level 4 in Spellcasting
  2062 | D:3      | Found a bloodstained altar of Trog.
  2828 | D:4      | Reached XP level 5. HP: 28/28 MP: 10/13
  2878 | D:3      | Learned a level 4 spell: Sticky Flame
  2898 | D:4      | Noticed an ogre
  3189 | D:4      | Reached skill level 5 in Spellcasting
  3469 | D:4      | Reached skill level 5 in Fire Magic
  3469 | D:4      | Reached XP level 6. HP: 32/32 MP: 11/15
  3476 | D:4      | Learned a level 5 spell: Fireball
  3737 | D:4      | Found a burning altar of Makhleb.
  3756 | D:4      | Found a staircase to the Ecumenical Temple.
  3825 | Temple   | Entered the Ecumenical Temple
  3867 | Temple   | Became a worshipper of Sif Muna the Loreminder
  4155 | D:4      | Found a shimmering altar of Xom.
  4209 | D:5      | Entered Level 5 of the Dungeon
  4366 | D:5      | Found a glowing silver altar of Zin.
  4397 | D:5      | Reached XP level 7. HP: 37/37 MP: 11/17
  4609 | D:5      | Found a glowing golden altar of the Shining One.
  4912 | D:5      | Reached skill level 5 in Conjurations
  5009 | D:5      | Noticed Eustachio
  5017 | D:5      | Killed Eustachio
  5017 | D:5      | Reached * piety under Sif Muna
  5017 | D:5      | Reached skill level 6 in Spellcasting
  5149 | D:5      | Found a white marble altar of Elyvilon.
  5185 | D:5      | Found a blossoming altar of Fedhas.
  5463 | D:6      | Reached skill level 1 in Fighting
  6103 | D:7      | Reached XP level 8. HP: 43/43 MP: 2/19
  6236 | D:7      | Reached skill level 7 in Spellcasting
  6485 | D:7      | Found an opulent altar of Gozag.
  6492 | D:7      | Found a shadowy altar of Dithmenos.
  6964 | D:7      | Reached skill level 1 in Short Blades
  7170 | D:7      | Found a shattered altar of Ashenzari.
  7630 | D:8      | Noticed Psyche
  7630 | D:8      | Noticed a two-headed ogre
  7784 | D:8      | Reached ** piety under Sif Muna
  7810 | D:8      | Killed Psyche
  7810 | D:8      | Reached skill level 8 in Spellcasting
  7810 | D:8      | Reached XP level 9. HP: 48/48 MP: 14/23
  7832 | D:8      | Found Xar Tilu's General Store.
  7832 | D:8      | Noticed a two-headed ogre
  7847 | D:8      | Killed a two-headed ogre
  7847 | D:8      | Reached skill level 9 in Spellcasting
  7970 | D:8      | Reached *** piety under Sif Muna
  8126 | D:8      | Found Koohiv's Food Shoppe.
  8137 | D:8      | Found Vesien's Book Emporium.
  8148 | D:8      | Found a sparkling altar of Nemelex Xobeh.
  8157 | D:8      | Found Wuyw's Antique Weapon Shop.
  8192 | D:8      | Bought a book of Conjurations for 300 gold pieces
  8196 | D:8      | Learned a level 3 spell: Dazzling Spray
  8201 | D:8      | Noticed Prince Ribbit
  8203 | D:8      | Found Luufy's Antique Weapon Boutique.
  8212 | D:8      | Killed Prince Ribbit
  8299 | D:8      | Killed a two-headed ogre
  8299 | D:8      | Reached skill level 10 in Spellcasting
  8299 | D:8      | Reached XP level 10. HP: 53/53 MP: 10/26
  8537 | D:9      | Noticed a two-headed ogre
  8538 | D:9      | Noticed a two-headed ogre
  8540 | D:9      | Killed a two-headed ogre
  8541 | D:9      | Killed a two-headed ogre
  8541 | D:9      | Reached **** piety under Sif Muna
  8541 | D:9      | Reached skill level 11 in Spellcasting
  8541 | D:9      | Reached skill level 10 in Fire Magic
  9208 | D:9      | Found a staircase to the Orcish Mines.
  9377 | D:9      | Noticed Maurice
  9379 | D:9      | Noticed a two-headed ogre
  9384 | D:9      | Killed a two-headed ogre
  9403 | D:9      | Killed Maurice
  9403 | D:9      | Reached ***** piety under Sif Muna
  9403 | D:9      | Identified Furahydy's Almanac of Twisted Clay (Sif Muna gifted it to you on level 9 of the Dungeon)
  9403 | D:9      | Received a gift from Sif Muna
  9403 | D:9      | Reached skill level 12 in Spellcasting
  9458 | D:9      | Reached skill level 1 in Hexes
  9703 | D:9      | Lost strength.
  9814 | D:9      | Found a roughly hewn altar of Beogh.
  9889 | D:9      | Noticed a two-headed ogre
  9896 | D:9      | Killed a two-headed ogre
  9896 | D:9      | Reached XP level 11. HP: 57/57 MP: 22/29
 10702 | D:9      | Found a snail-covered altar of Cheibriados.
 10724 | D:10     | Entered Level 10 of the Dungeon
 10726 | D:10     | Found Eraffoj's Distillery.
 10737 | D:10     | Bought a potion of haste for 110 gold pieces
 10737 | D:10     | Bought a potion of heal wounds for 55 gold pieces
 10737 | D:10     | Bought a potion of invisibility for 88 gold pieces
 10744 | D:10     | Reached skill level 10 in Conjurations
 10866 | D:10     | Reached skill level 13 in Spellcasting
 11438 | D:10     | Found Tinidyka's Armour Shoppe.
 11740 | D:10     | Found a staircase to the Lair.
 11745 | D:10     | Found Samuy's Gadget Shop.
 11801 | D:10     | Found a shattered altar of Ashenzari.
 11922 | D:10     | Found Tuiqo's Magic Scroll Shop.
 11969 | D:10     | Noticed a purple ugly thing
 11981 | D:10     | Noticed a cyan ugly thing
 11981 | D:10     | Noticed a cyan ugly thing
 11992 | D:10     | Killed a purple ugly thing
 11993 | D:10     | Killed a cyan ugly thing
 11993 | D:10     | Identified Ighelihu's Guide on Summoning (Sif Muna gifted it to you on level 10 of the Dungeon)
 11993 | D:10     | Received a gift from Sif Muna
 11993 | D:10     | Reached skill level 5 in Dodging
 12068 | D:10     | Noticed a red ugly thing
 12073 | D:10     | Noticed a cyan ugly thing
 12086 | D:10     | Killed a red ugly thing
 12241 | D:10     | Noticed a red ugly thing
 12246 | D:10     | Killed a cyan ugly thing
 12261 | D:10     | Slain by a red ugly thing

Vault maps used:
D:1:      ldierk_walled_garden_2
D:2:      okawaru_metal_pillars_1_2
D:3:      lemuel_crystal_altar
D:4:      marbit_many_paths, kennysheep_mini_moat, temple_statues, first_ration,
          dk_rats_in_the_wall
D:5:      fedhas_altar_4, overflow_temple_1_default, lemuel_crystal_altar,
          basic_altar, uniq_eustachio
D:7:      ashenzari_conservatory_becter, amethyst_overflow_temple_binary,
          minmay_fire_ice_demons
D:8:      nemelex_xobeh_ov_fountains_minmay, serial_shops,
          nicolae_shop_statue_plus, shop, shop_fountains, nicolae_shop_stone,
          shop, uniq_psyche, uniq_prince_ribbit1
D:9:      lemuel_slime, lemuel_coloured_pillars_altar,
          minmay_orc_entry_temple_small, uniq_maurice
D:10:     cheibrodos_breeding_chamber, serial_shops, shop, shop,
          nicolae_shop_trees, shop, hangedman_stone_soup, serial_park_tiny_pond,
          ashenzari_altar_1
Temple:   cyrus_temple_forest

Skill      XL: |  1  2  3  4  5  6  7  8  9 10 11 |
---------------+----------------------------------+-----
Fire Magic     | 4 5 7 8 9 10 11 | 11.7
Conjurations   | 2 3 4 5 6 8 9 11 | 11.0
Dodging        | 3 4 5 |  5.0
Spellcasting   | 4 5 6 8 10 12 13 | 13.5
Stealth        | 3 4 |  4.1
Fighting       | 1 2 |  2.1
Short Blades   | 2 |  2.4
Hexes          | 1 |  1.9

Action                   |  1- 3 |  4- 6 |  7- 9 | 10-12 || total
-------------------------+-------+-------+-------+-------++-------
Melee: Unarmed           |       |     2 |       |       ||     2
       Short sword       |       |       |    51 |     1 ||    52
 Cast: Flame Tongue      |    90 |   157 |   168 |   184 ||   599
       Throw Flame       |       |    10 |    19 |    57 ||    86
       Conjure Flame     |       |     2 |     9 |    13 ||    24
       Sticky Flame      |       |     2 |    13 |    22 ||    37
       Fireball          |       |       |     7 |    34 ||    41
       Dazzling Spray    |       |       |       |     7 ||     7
  Use: Scroll            |       |       |       |     9 ||     9
  Eat: Chunk             |     2 |     9 |    14 |    10 ||    35
       Ration            |       |       |       |     2 ||     2
Armor: Robe              |    10 |     6 |    13 |    14 ||    43
Dodge: Dodged            |    33 |    47 |    87 |    42 ||   209

Table legend:
 A = Spawn XP
 B = Non-spawn XP
 C = Spawn XP percentage of total XP
 D = Spawn monster count
 E = Non-spawn monster count
 F = Spawn count percentage of total count
 G = Total turns spent on level
                    A         B        C        D         E        F      G
               +---------+---------+-------+---------+---------+-------+---------
         Total |       0 |   18689 |   0.0 |       0 |     282 |   0.0 | 12261
               +---------+---------+-------+---------+---------+-------+---------
           D:1 |       0 |      50 |   0.0 |       0 |      32 |   0.0 |  1182
           D:2 |       0 |      54 |   0.0 |       0 |      17 |   0.0 |   845
           D:3 |       0 |      89 |   0.0 |       0 |      29 |   0.0 |  1059
           D:4 |       0 |     443 |   0.0 |       0 |      31 |   0.0 |  1039
           D:5 |       0 |     571 |   0.0 |       0 |      25 |   0.0 |  1117
           D:6 |       0 |     194 |   0.0 |       0 |      11 |   0.0 |   792
           D:7 |       0 |    1173 |   0.0 |       0 |      23 |   0.0 |  1657
           D:8 |       0 |    3116 |   0.0 |       0 |      18 |   0.0 |   893
           D:9 |       0 |    7306 |   0.0 |       0 |      63 |   0.0 |  2056
          D:10 |       0 |    5693 |   0.0 |       0 |      33 |   0.0 |  1537
               +---------+---------+-------+---------+---------+-------+---------
